General information
			
			
        
        - name: weiner
 
        - type: Ladder 1vs1/FFA
 
        - host: DASOCKBANDIT
 
        - saver: BEAR_AND
 
        
map: aps\NGL\Season08\NGL-S08-SV 
        - players: 7
 
        - length: 13:07
 
        - speed: Fast
 - version: 1.22 W3XP
 - replay type:  

 
» download(60 KB)
Players
        team 1 (loser) 
              
              
MoScrilla (
light-blue | 136 APM | 1787 actions | 13:05)
              
 2 Firelord 
 1 Summon Lava Spawn
 1 Incinerate
 
                » actions 
                
                | Assign group hotkey | 66 |  | 
| Basic commands | 48 |  | 
| Build / train | 98 |  | 
| ESC pressed | 10 |  | 
| Enter build submenu | 34 |  | 
| Enter hero's abilities submenu | 2 |  | 
| Right click | 681 |  | 
| Select / deselect | 344 |  | 
| Select group hotkey | 423 |  | 
| Use ability | 81 |  | 
                1787 total
 » units 
                » upgrades
                » buildings
                
                | Barracks | 1 |  | 
| Farm | 5 |  | 
| Altar of Kings | 1 |  | 
| Lumber Mill | 1 |  | 
| Scout Tower | 23 |  | 
| Guard Tower | 18 |  | 
                49 total
 » build order
                00:17 Barracks
00:34 Farm
01:03 Altar of Kings
01:07 Farm
01:43 Farm
02:06 Lumber Mill
02:30 Farm
02:44 Scout Tower
03:19 Guard Tower
04:19 Scout Tower
04:37 Guard Tower
05:14 Scout Tower
05:28 Scout Tower
05:55 Farm
07:05 Scout Tower
07:06 Scout Tower
07:07 Scout Tower
07:23 Scout Tower
07:30 Scout Tower
07:45 Scout Tower
07:48 Guard Tower
08:03 Guard Tower
08:03 Guard Tower
08:33 Scout Tower
08:35 Scout Tower
08:52 Guard Tower
09:02 Guard Tower
09:03 Guard Tower
09:34 Guard Tower
09:57 Scout Tower
09:59 Scout Tower
10:00 Scout Tower
10:21 Guard Tower
10:28 Scout Tower
10:55 Guard Tower
11:17 Scout Tower
11:17 Scout Tower
11:19 Scout Tower
12:16 Scout Tower
12:28 Scout Tower
12:29 Scout Tower
12:30 Scout Tower
12:48 Guard Tower
 
               team 2 (winner) 
              
              
TIMG4STRok (
gray | 152 APM | 1995 actions | 13:06)
              
 4 Blademaster 
 2 Wind Walk
 2 Critical Strike
 2 Shadow Hunter 
 1 Hex
 1 Healing Wave
 
                » actions 
                
                | Assign group hotkey | 21 |  | 
| Basic commands | 22 |  | 
| Build / train | 43 |  | 
| Enter build submenu | 13 |  | 
| Enter hero's abilities submenu | 6 |  | 
| Right click | 992 |  | 
| Select / deselect | 211 |  | 
| Select group hotkey | 629 |  | 
| Use ability | 58 |  | 
                1995 total
 » units 
                
                | Peon | 8 |  | 
| Grunt | 13 |  | 
| Spirit Walker | 2 |  | 
                23 total
 » upgrades
                
                | Berserker Strength | 1 |  | 
| Spirit Walker Training | 1 |  | 
| Melee Weapons | 1 |  | 
                3 total
 » buildings
                
                | Altar of Storms | 1 |  | 
| Orc Burrow | 4 |  | 
| Barracks | 1 |  | 
| War Mill | 1 |  | 
| Voodoo Lounge | 1 |  | 
| Watch Tower | 3 |  | 
| Stronghold | 1 |  | 
| Spirit Lodge | 1 |  | 
| Beastiary | 1 |  | 
                14 total
 » build order
                00:05 Altar of Storms
00:15 Orc Burrow
00:40 Barracks
01:30 Orc Burrow
02:27 War Mill
02:38 Voodoo Lounge
03:44 Watch Tower
05:35 Stronghold
05:59 Orc Burrow
06:47 Watch Tower
08:29 Spirit Lodge
10:41 Watch Tower
11:37 Beastiary
12:30 Orc Burrow
» items
                
                | Boots of Speed | 1 |  | 
| Circlet of Nobility | 1 |  | 
| Lesser Clarity Potion | 3 |  | 
| Healing Salve | 3 |  | 
                8 total
  
               observersDASOCKBANDIT, 
thecawkmonster, 
YEAHSHESASSBATS, 
IPRACTICE2SUCK, 
BEAR_AND Chat log
          (00:04 / Observers) YEAHSHESASSBATS: game 2
(00:06 / Observers) YEAHSHESASSBATS: two shitheads
(00:09 / Observers) YEAHSHESASSBATS: face off
(00:32 / All) TIMG4STRok: you want to take the turk challenge this game
(00:39 / All) MoScrilla: ?
(00:44 / Observers) IPRACTICE2SUCK: lol
(00:45 / All) TIMG4STRok: if you kill one unit of mine you win
(00:46 / Observers) YEAHSHESASSBATS: no
(00:47 / All) TIMG4STRok: good luck
(00:53 / Observers) YEAHSHESASSBATS: timg a little cocky..
(00:59 / All) MoScrilla: your not grubby
(01:06 / All) TIMG4STRok: and you're some no name 50% human
(01:16 / All) MoScrilla: whats your real name?
(01:21 / All) TIMG4STRok: lmao
(01:27 / All) TIMG4STRok: sorry kid but timg4strok is a legend
(01:35 / All) MoScrilla: you suck at 4s
(01:38 / All) TIMG4STRok: laugh
(01:39 / All) MoScrilla: clean urself with a douche
(01:49 / All) TIMG4STRok: angry?
(02:03 / Observers) IPRACTICE2SUCK: lol
(02:04 / Observers) IPRACTICE2SUCK: gg
(02:09 / Observers) IPRACTICE2SUCK: kia loses
(02:13 / Observers) YEAHSHESASSBATS: hey jay
(02:14 / Observers) YEAHSHESASSBATS: u ever seen
(02:18 / Observers) IPRACTICE2SUCK: unless gray is bad
(02:19 / Observers) YEAHSHESASSBATS: the best sandwich ever
(02:21 / Observers) IPRACTICE2SUCK: which he is
(02:25 / Observers) IPRACTICE2SUCK: which
(02:26 / Observers) IPRACTICE2SUCK: type
(02:27 / Observers) YEAHSHESASSBATS: jay didnt timg
(02:28 / Observers) YEAHSHESASSBATS: beat ur ud
(02:32 / Observers) IPRACTICE2SUCK: ?
(02:36 / Observers) IPRACTICE2SUCK: i fuck aroud vs him
(02:39 / Observers) IPRACTICE2SUCK: we all know that
(02:43 / Observers) YEAHSHESASSBATS: i dunno 200 apm?
(02:45 / Observers) IPRACTICE2SUCK: such as ted 
(02:47 / Observers) IPRACTICE2SUCK: fast tech
(02:50 / Observers) IPRACTICE2SUCK: dk naga
(02:53 / Observers) IPRACTICE2SUCK: vs warden
(02:54 / Observers) IPRACTICE2SUCK: rofl
(02:57 / Observers) IPRACTICE2SUCK: thats no thx
(03:06 / Observers) IPRACTICE2SUCK: u honestly think
(03:07 / Observers) IPRACTICE2SUCK: if i tried
(03:09 / Observers) IPRACTICE2SUCK: timg can beat me
(03:46 / Observers) IPRACTICE2SUCK: now he loses
(03:53 / Observers) YEAHSHESASSBATS: no
(03:57 / Observers) YEAHSHESASSBATS: orc tower reange
(04:02 / Observers) IPRACTICE2SUCK: gray is mentally challenged
(04:09 / Observers) IPRACTICE2SUCK: so kia wont lose
(04:15 / Observers) IPRACTICE2SUCK: look a tthat
(04:17 / Observers) IPRACTICE2SUCK: retardation
(05:39 / Observers) IPRACTICE2SUCK: firelord isnt that bad
(05:40 / All) TIMG4STRok: get out of here kid
(05:40 / Observers) IPRACTICE2SUCK: vs bm
(05:45 / Observers) YEAHSHESASSBATS: no hes bad
(05:47 / Observers) YEAHSHESASSBATS: when timg
(05:48 / Observers) YEAHSHESASSBATS: has 
(05:49 / All) TIMG4STRok: is that all you can do
(05:49 / Observers) YEAHSHESASSBATS: t2
(05:49 / Observers) IPRACTICE2SUCK: am fl
(05:50 / Observers) YEAHSHESASSBATS: and his sh
(05:51 / All) TIMG4STRok: tower rush
(05:51 / Observers) IPRACTICE2SUCK: is good
(05:51 / Observers) YEAHSHESASSBATS: comes out
(05:52 / Observers) YEAHSHESASSBATS: and 
(05:54 / Observers) YEAHSHESASSBATS: hex snare
(05:55 / Observers) YEAHSHESASSBATS: come sinto play
(05:57 / Observers) YEAHSHESASSBATS: and u went fl first
(05:59 / Observers) IPRACTICE2SUCK: well soul burn
(06:03 / Observers) IPRACTICE2SUCK: buts 20 damage off bm
(06:06 / Observers) YEAHSHESASSBATS: uhh
(06:08 / Observers) YEAHSHESASSBATS: remember when i went howl
(06:09 / Observers) YEAHSHESASSBATS: vs u
(06:12 / Observers) YEAHSHESASSBATS: and your bm did like 
(06:15 / Observers) YEAHSHESASSBATS: 1000dmg still
(06:22 / Observers) IPRACTICE2SUCK: ye but im talking am fl push tier 2
(06:23 / Observers) YEAHSHESASSBATS: that was lvl2 howl
(06:26 / Observers) IPRACTICE2SUCK: hes not gonna have  meaty bm
(07:31 / Observers) IPRACTICE2SUCK: i searched drunk solo today
(07:35 / Observers) IPRACTICE2SUCK: got my ass handed to me
(07:37 / Observers) IPRACTICE2SUCK: on a platter
(07:38 / Observers) YEAHSHESASSBATS: u sure
(07:41 / Observers) YEAHSHESASSBATS: u werent sober
(07:44 / Observers) YEAHSHESASSBATS: !?
(07:45 / Observers) IPRACTICE2SUCK: was sure
(07:48 / Observers) IPRACTICE2SUCK: was drunk since
(07:49 / Observers) IPRACTICE2SUCK: 10
(07:54 / Observers) IPRACTICE2SUCK: uncles baby shower
(07:59 / Observers) IPRACTICE2SUCK: it was actualy
(08:01 / Observers) IPRACTICE2SUCK: pretty fun
(08:05 / Observers) IPRACTICE2SUCK: why u think i was rting
(08:07 / Observers) IPRACTICE2SUCK: the whole time
(08:10 / Observers) IPRACTICE2SUCK: i was drunk as fuck
(08:42 / Observers) IPRACTICE2SUCK: he has pults now
(08:44 / Observers) IPRACTICE2SUCK: why keep doing this
(08:45 / Observers) IPRACTICE2SUCK: ?
(08:57 / Observers) YEAHSHESASSBATS: timg refuses to pump catas
(09:10 / Observers) IPRACTICE2SUCK: i hop
(09:11 / Observers) YEAHSHESASSBATS: orb imba
(09:11 / Observers) YEAHSHESASSBATS: lol
(09:12 / Observers) YEAHSHESASSBATS: orc
(09:13 / Observers) YEAHSHESASSBATS: orc
(09:13 / Observers) YEAHSHESASSBATS: orc
(09:16 / Observers) IPRACTICE2SUCK: timg doesnt talk shit
(09:21 / Observers) YEAHSHESASSBATS: he will
(09:22 / Observers) YEAHSHESASSBATS: lol
(09:22 / Observers) IPRACTICE2SUCK: about beating this type of strat
(10:19 / Observers) IPRACTICE2SUCK: Gosu.
(10:41 / Observers) IPRACTICE2SUCK: walkers
(10:44 / Observers) IPRACTICE2SUCK: are shady cunts
(11:43 / Observers) IPRACTICE2SUCK: hwo is this
(11:45 / Observers) IPRACTICE2SUCK: not over yet
(11:47 / Observers) IPRACTICE2SUCK: jesus christ
(11:48 / All) TIMG4STRok: lmao
(11:49 / Observers) YEAHSHESASSBATS: kia refuses to leave
(12:12 / Observers) IPRACTICE2SUCK: lvl 4 bm
(12:13 / Observers) IPRACTICE2SUCK: lol
(12:16 / Observers) IPRACTICE2SUCK: vs level 
(12:17 / Observers) IPRACTICE2SUCK: 2
(12:19 / Observers) IPRACTICE2SUCK: fl
(12:40 / Observers) IPRACTICE2SUCK: why is knuck
(12:41 / Observers) IPRACTICE2SUCK: tellin me
(12:43 / All) TIMG4STRok: nice base
(12:47 / Observers) IPRACTICE2SUCK: supzzz is about to get banned
(12:47 / Observers) IPRACTICE2SUCK: ?
(12:51 / Observers) YEAHSHESASSBATS: does he mh
(12:52 / Observers) YEAHSHESASSBATS: lol
(13:03 / Observers) IPRACTICE2SUCK: no i sold it allready to that volcom kid